Map: Lerilak Crest

Players

LilDicky - Winner!

  • Race: Terran Terran
  • League: Diamond

Ospak

  • Race: Zerg Zerg
  • League: Diamond

VOD

http://www.twitch.tv/tumescentpie

Description

Time

  • Played on: Dec. 8, 2015, 11:26 p.m.
  • Length: 12:37
Show
View Real Time Build Order
Export as new Build Order

LilDicky Terran - Winner!

Build Orders: MMM Bio 

Get SALT Encoding   

  12  0:02  SCV  
  13  0:18  Supply Depot  
  13  0:19  SCV  
  14  0:31  SCV  
  15  0:45  Barracks  
  15  0:48  SCV  
  16  0:55  Supply Depot  
  16  1:14  SCV  
  17  1:28  SCV  
  18  1:35  Marine  
  19  1:40  Command Center  
  19  1:43  Orbital Command  
  19  1:53  Refinery, Marine  
  20  2:09  SCV  
  20  2:11  Marine  
  22  2:21  SCV  
  23  2:29  Marine  
  24  2:33  Command Center  
  24  2:35  SCV  
  25  2:47  Barracks Tech Lab  
  25  2:51  Barracks  
  25  2:53  Barracks  
  25  2:57  SCV  
  26  3:08  Stimpack  
  26  3:09  Marine  
  27  3:14  Refinery  
  27  3:26  Marine  
  27  3:27  Bunker  
  28  3:29  Orbital Command  
  28  3:31  SCV  
  29  3:40  Barracks Reactor, Barracks Tech Lab  
  29  3:43  SCV  
  29  3:46  Marine  
  31  3:55  Orbital Command  
  31  3:56  SCV  
  31  4:00  SCV  
  31  4:01  Marine  
  34  4:06  Combat Shields  
  34  4:08  SCV  
  35  4:21  Marine  
  35  4:22  Marine x2  
  35  4:23  Marine  
  39  4:29  Factory  
  39  4:33  SCV  
  39  4:37  SCV x2  
  42  4:39  Marine x2  
  44  4:46  Barracks, Marine  
  44  4:47  Marine  
  44  4:49  SCV, Barracks  
  47  4:57  Marine x2  
  47  4:59  SCV  
  51  5:00  SCV  
  51  5:07  Marine x2  
  51  5:08  SCV  
  54  5:14  Factory Reactor  
  54  5:15  Marine x2  
  54  5:16  Starport  
  55  5:25  Marauder  
  55  5:26  Marauder  
  55  5:28  SCV  
  59  5:30  SCV x2  
  61  5:39  Supply Depot  
  61  5:40  Barracks Reactor  
  61  5:42  Barracks Reactor  
  61  5:44  Orbital Command  
  61  6:00  Marine x3  
  61  6:01  SCV, Marauder  
  67  6:08  Supply Depot  
  67  6:10  Supply Depot, Medivac  
  69  6:12  Medivac  
  69  6:17  Supply Depot x2  
  69  6:18  Supply Depot  
  71  6:19  Marauder  
  71  6:20  Marine x2  
  71  6:22  Marauder  
  77  6:29  Widow Mine  
  79  6:33  Marine  
  79  6:34  Marine x3  
  79  6:39  SCV x2  
  85  6:40  SCV, Marauder  
  85  6:43  Marine x2  
  85  6:44  Marauder  
  92  6:49  Refinery x2  
  92  6:50  Medivac  
  94  7:06  SCV x2, Marine x2  
  94  7:07  Marauder  
  100  7:12  Marine x2  
  100  7:13  Marauder  
  96  7:40  Marine  
  96  7:41  Marine  
  94  7:51  Medivac x2  
  94  7:52  Marine x2  
  94  7:53  Marauder x2  
  100  8:01  Marine x2  
  88  8:13  Marine x3  
  88  8:14  Marine x3  
  88  8:17  SCV x2  
  88  8:19  Marine  
  96  8:20  Barracks x2  
  96  8:21  Barracks, Medivac x2  
  96  8:23  Engineering Bay  
  96  8:24  Engineering Bay  
  100  8:28  Marine  
  100  8:31  Marine x2  
  100  8:32  Marauder x2  
  107  8:35  Marine x2  
  107  8:36  Marine  
  107  8:46  Marine  
  105  8:49  Marine x2  
  105  8:53  Marauder x2  
  105  8:54  Marine x3  
  105  9:02  Medivac  
  105  9:03  Medivac  
  105  9:04  Marine  
  105  9:06  Marine  
  105  9:07  Marine  
  112  9:11  SCV  
  112  9:13  SCV x2  
  112  9:15  Marauder  
  117  9:22  Marine  
  117  9:23  SCV, Marauder  
  120  9:25  SCV x2  
  115  9:36  Marauder  
  115  9:37  Marine  
  116  9:38  Marine  
  110  10:01  Marine  
  110  10:02  Marine x10  
  114  10:19  Marine  
  114  10:20  Marine x8  
  114  10:21  Marauder x2  
  127  10:31  Terran Infantry Weapons Level 1, Terran Infantry Armor Level 1  
  126  10:37  Barracks, Marine x5  
  126  10:38  Barracks, Marine x4  
  126  10:40  Command Center, Barracks  
  126  10:41  Marine  
  126  10:42  Armory, Marauder  
  119  10:50  Widow Mine  
  119  10:51  Medivac  
  119  10:52  Medivac  
  119  10:55  Marine x9  
  127  10:59  Marine  
  127  11:03  Marine  
  117  11:13  Marine x9  
  117  11:17  Marine  
  127  11:21  Marine  
  122  11:27  Missile Turret  
  122  11:28  Missile Turret  
  122  11:30  Marine  
  122  11:31  Marine  
  122  11:32  Missile Turret x2, Marine x10  
  123  11:33  Widow Mine  
  123  11:35  Marine  
  123  11:38  Marine  
  133  11:52  Marine  
  133  11:53  Marauder, Marine x11  
  147  11:57  Marauder  
  146  12:10  Marine x5  
  146  12:11  Marine x2  
  146  12:15  Marauder  
Show
View Real Time Build Order
Export as new Build Order

Ospak Zerg 

Build Orders: Hatch First 

Get SALT Encoding   

  12  0:00  Drone  
  13  0:13  Overlord  
  13  0:18  Drone  
  14  0:31  Drone x2  
  16  0:36  Drone  
  17  0:59  Hatchery  
  16  1:07  Drone  
  16  1:14  Spawning Pool  
  15  1:19  Drone  
  16  1:26  Drone x2  
  16  1:29  Extractor  
  17  1:35  Drone  
  18  1:42  Drone  
  19  1:56  Overlord  
  19  2:01  Queen  
  21  2:10  Drone  
  21  2:11  Queen  
  21  2:12  Zergling x2  
  21  2:15  Zergling x2  
  26  2:22  Zergling x2  
  27  2:34  Metabolic Boost  
  27  2:35  Spine Crawler  
  26  2:37  Drone x2  
  28  3:00  Hatchery  
  28  3:01  Drone  
  28  3:02  Drone  
  29  3:06  Drone  
  30  3:13  Pneumatized Carapace  
  30  3:19  Overlord  
  30  3:23  Drone  
  31  3:35  Roach Warren, Drone  
  31  3:36  Drone  
  32  3:45  Drone x2  
  32  3:46  Drone x2  
  36  4:01  Drone x3  
  36  4:02  Drone x3  
  42  4:10  Overlord  
  42  4:11  Extractor  
  41  4:21  Baneling Nest  
  40  4:24  Queen  
  40  4:28  Roach x3  
  48  4:33  Drone x3  
  51  4:44  Drone x3, Spore Crawler  
  53  4:52  Zergling x6  
  56  4:53  Zergling x4  
  56  4:59  Overlord x2  
  58  5:11  Overlord x2  
  58  5:27  Drone  
  58  5:28  Drone x7  
  66  5:30  Drone x3  
  69  5:36  Hatchery  
  68  5:49  Extractor  
  67  5:51  Drone  
  67  5:52  Drone x2, Overlord x2  
  67  5:53  Zergling x2  
  67  5:54  Zergling x2  
  67  5:55  Evolution Chamber  
  67  5:57  Evolution Chamber  
  70  6:00  Drone x3  
  70  6:01  Overlord  
  73  6:11  Queen  
  73  6:12  Baneling  
  73  6:13  Baneling x3  
  73  6:15  Drone x6  
  73  6:16  Drone  
  82  6:22  Overlord  
  82  6:30  Overlord  
  82  6:31  Drone  
  82  6:35  Lair, Extractor  
  82  6:38  Extractor  
  82  6:39  Extractor  
  79  6:43  Zerg Ground Armor Level 1, Zerg Melee Weapons Level 1  
  79  6:44  Drone  
  79  6:45  Drone  
  81  6:50  Hatchery  
  81  6:52  Queen  
  82  6:56  Queen  
  82  6:58  Zergling x8  
  82  6:59  Zergling x2  
  82  7:00  Drone x2  
  91  7:02  Drone  
  92  7:10  Baneling x8  
  92  7:11  Zergling x4, Baneling x5  
  94  7:20  Zergling x2  
  94  7:21  Zergling x10  
  98  7:33  Zergling x4  
  98  7:34  Zergling x6  
  100  7:38  Roach x2, Zergling x6  
  100  7:39  Roach x3, Zergling x4  
  103  7:48  Zergling x10  
  102  7:57  Queen  
  98  8:01  Hydralisk Den  
  89  8:09  Centrifical Hooks  
  89  8:12  Drone x5  
  89  8:13  Drone x4, Overseer  
  89  8:16  Drone  
  89  8:17  Drone  
  95  8:29  Drone x3  
  95  8:30  Drone x4  
  102  8:50  Zerg Ground Armor Level 2, Zerg Melee Weapons Level 2  
  102  8:54  Drone x6  
  106  8:56  Queen  
  106  9:00  Drone x7  
  115  9:07  Hydralisk x3  
  120  9:24  Hydralisk x5  
  109  9:28  Zergling x18  
  105  9:39  Zergling x12  
  105  9:40  Zergling x2  
  94  10:18  Hydralisk x6  
  94  10:19  Hydralisk  
  94  10:21  Lurker Den  
  108  10:25  Spine Crawler  
  108  10:27  Baneling  
  108  10:28  Baneling x3  
  107  10:32  Spine Crawler  
  103  10:37  Zergling x2  
  103  10:38  Zergling x8  
  103  11:01  Hatchery  
  100  11:13  Drone x4  
  100  11:14  Drone x5  
  109  11:24  Zergling x6  
  109  11:25  Zergling x2  
  113  11:27  Queen  
  114  11:50  Hatchery  
  113  11:55  Hydralisk  
  114  12:15  Lurker  
  114  12:18  Overlord x3  
  114  12:22  Baneling x3  
  113  12:23  Baneling x4  
Tags
 
Add a new tag
Caveats
  • Supply blocks, unpowered buildings, or Contaminate may cause inaccurate times.
  • Supply counts are checked every 10 seconds.